 Dungeon Crawl Stone Soup version 0.27-a0-965-gbf8bb431c4 (webtiles) character file.

Game seed: 17139162464966766334

11963 Lanoc the Protected (level 11, -15/102 HPs)
             Began as a Minotaur Fighter on Apr 12, 2021.
             Was a Priest of Wu Jian.
             Demolished by a deep troll earth mage (17 damage)
             ... on level 13 of the Dungeon.
             The game lasted 00:20:53 (14909 turns).

Lanoc the Protected (Minotaur Fighter)             Turns: 14909, Time: 00:20:54

Health: -15/102    AC: 14    Str: 20    XL:     11   Next: 56%
Magic:  3/3        EV: 14    Int:  5    God:    Wu Jian [***...]
Gold:   790        SH:  0    Dex: 20    Spells: 10/10 levels left

rFire    . . .     SeeInvis +   D - +8 Wrath of Trog {antimagic, *Rage}
rCold    . . .     Faith    .   (shield currently unavailable)
rNeg     . . .     Spirit   .   y - +2 chain mail {rPois}
rPois    +         Reflect  .   (helmet restricted)
rElec    .         Harm     .   (no cloak)
rCorr    .         Rampage  .   (no gloves)
Will     .....     Rnd*Rage +   (no boots)
Stlth    ..........             (no amulet)
HPRegen  0.27/turn              E - ring of see invisible
MPRegen  0.08/turn              j - +6 ring of dexterity

@: on berserk cooldown, slowed, very slow
A: horns 2, retaliatory headbutt
a: Renounce Religion, Wall Jump, Serpent's Lash


You were on level 13 of the Dungeon.
You worshipped Wu Jian.
Wu Jian was most pleased with you.
You visited 2 branches of the dungeon, and saw 14 of its levels.

You collected 790 gold pieces.

Inventory:

Hand Weapons
 C - a +4 long sword
 D - the +8 Wrath of Trog (weapon) {antimagic, *Rage}
   (You found it on level 8 of the Dungeon)

   It reduces the magical energy of the wielder, and disrupts the spells and
   magical abilities of those hit.
   Natural abilities and divine invocations are not affected.
   It may make you go berserk in combat.
 H - the +7 short sword of Destiny {antimagic, rPois MP-9 Str+3}
   (You found it on level 10 of the Dungeon)

   It reduces the magical energy of the wielder, and disrupts the spells and
   magical abilities of those hit.
   Natural abilities and divine invocations are not affected.
   It affects your strength (+3).
   It protects you from poison.
   It affects your magic capacity (-9).
Missiles
 A - 4 atropa-tipped darts (quivered)
Armour
 c - a +0 kite shield
 e - a +0 plate armour
 y - a +2 chain mail of poison resistance (worn)
Jewellery
 j - a +6 ring of dexterity (right hand)
 E - a ring of see invisible (left hand)
 M - a ring of protection from fire
 P - a ring of protection from cold
 Q - a ring of flight
Wands
 a - a wand of flame (46)
 k - a wand of acid (8)
 q - a wand of polymorph (4)
 w - a wand of digging (17)
 x - a wand of iceblast (14)
 B - a wand of charming (6)
 O - a wand of paralysis (16)
Scrolls
 i - 2 scrolls of fear {unknown}
 m - 2 scrolls of vulnerability {unknown}
 p - 7 scrolls of teleportation
 r - 4 scrolls of amnesia
 s - 2 scrolls of blinking {unknown}
 t - 2 scrolls of acquirement {unknown}
 u - 3 scrolls of enchant weapon
 v - a scroll of holy word
 F - 2 scrolls of fog {unknown}
 J - 2 scrolls of noise {unknown}
 K - a scroll of summoning
Potions
 b - a potion of lignification
 d - 2 potions of might
 f - 2 potions of attraction
 g - a potion of berserk rage
 h - 2 potions of brilliance
 l - 3 potions of ambrosia
 n - 2 potions of invisibility
 o - 2 potions of mutation
 z - 3 potions of curing
 I - 2 potions of heal wounds
 L - a potion of haste
Miscellaneous
 G - a box of beasts
 N - a condenser vane


   Skills:
 + Level 11.5 Fighting
 - Level 11.1 Long Blades
 + Level 11.6 Armour
 + Level 10.1 Dodging
 - Level 4.0 Shields


You had 10 spell levels left.
You didn't know any spells.
Your spell library contained the following spells:

 Spells                   Type           Power      Damage    Failure   Level
 Beastly Appendage        Tmut           0%         N/A       98%         1
 Corona                   Hex            0%         N/A       98%         1
 Ensorcelled Hibernation  Hex/Ice        0%         N/A       99%         2
 Wereblood                Tmut           0%         N/A       99%         2
 Confusing Touch          Hex            0%         N/A       100%        3
 Dazzling Flash           Conj/Hex       0%         N/A       100%        3
 Gell's Gravitas          Tloc           0%         N/A       100%        3
 Spider Form              Tmut/Pois      0%         N/A       100%        3
 Tukima's Dance           Hex            0%         N/A       100%        3
 Ice Form                 Ice/Tmut       0%         N/A       100%        4
 Petrify                  Tmut/Erth      0%         N/A       100%        4
 Hydra Form               Tmut           0%         N/A       100%        5
 Metabolic Englaciation   Hex/Ice        0%         N/A       100%        5
 Yara's Violent Unravell  Hex/Tmut       0%         3d3       100%        5


Dungeon Overview and Level Annotations

Branches:
Dungeon (13/15)            Temple (1/1) D:7            Lair (0/6) D:10
    Orc (0/2) D:10
 Vaults: D:13-14

Altars:
Fedhas
Hepliaklqana
Kikubaaqudgha
Makhleb
Qazlal
Vehumet
Wu Jian
Xom

Shops:
D:3 =

Annotations:
D:4 2 runed translucent doors, TheNamelessOne's ghost, amateur OpSu
D:8 5 runed translucent doors, Lanoc's ghost, novice HOFE; TheNamelessOne's ghost, novice OpSu
D:12 3 runed translucent doors, Emanloe's ghost, journeyman GrBe
D:13 Josephine


Innate Abilities, Weirdness & Mutations

You have a pair of horns on your head.
You reflexively headbutt those who attack you in melee.


Message History

The deep troll earth mage's magic leaks into the air.
The deep troll earth mage is heavily wounded.
The boulder beetle leaps!
The deep troll earth mage bites you.
The deep troll earth mage barely misses you.
The deep troll earth mage claws you! The golden eye blinks at you.
You are confused.
The boulder beetle moves out of view.
You are no longer berserk.
You pass out from exhaustion.
You feel yourself slow down. The golden eye blinks at you.
You resist with some effort.
The deep troll earth mage bites you but does no damage.
The deep troll earth mage claws you but does no damage.
The deep troll earth mage claws you!
The golden eye blinks!
The deep troll earth mage bites you but does no damage.
The deep troll earth mage claws you! The deep troll earth mage claws you.
The meliai mumbles some strange prayers to its god against you.
Something smites you! The golden eye blinks at you.
You are more confused.
The deep troll earth mage bites you but does no damage.
The deep troll earth mage claws you but does no damage.
The deep troll earth mage claws you!
You can move again.
Unknown command.
You are too confused!
You feel better. The golden eye blinks at you.
You resist with almost no effort.
The meliai invokes the aid of its god against you.
Something smites you!
The frost giant hits you with a +0 battleaxe of freezing!!
* * * LOW HITPOINT WARNING * * *
The frost giant freezes you!
* * * LOW HITPOINT WARNING * * *
The deep troll earth mage bites you!
You die...

...#.##...##.#....)).....
...#.#.....#.#.........##
.....................#..#
...#.#.....#.#........#..
..##.#.....#.##........#.
.##.##.....##.##.###.....
...##...y...##.....##....
.###....T....###.##.##...
........@....... .
........C}...... .#
.......))=...... ...#
.......:):...... #..>
........G....... #.
.###.....C...### # #.
$..##.B.....##.. .. #.
##.##.....##.## ### #.
.... #.


You could see a frost giant, a boulder beetle, an ettin, a deep troll earth
mage, a meliai and a golden eye.

Vanquished Creatures
  A centaur warrior (D:10)
  A skeletal warrior (D:13)
  A phantasmal warrior (D:11)
  A manticore (D:12)
  Pikel (D:5)
  2 cyclopes
  Maurice (D:13)
  A kobold demonologist (D:9)
  A freezing wraith (D:12)
  2 trolls
  A hornet (D:7)
  Prince Ribbit (D:5)
  A shadow (D:12)
  A vampire (D:10)
  A wraith (D:10)
  A wyvern (D:10)
  3 yaks (D:10)
  Eustachio (D:5)
  A steam dragon (D:6)
  7 vampire mosquitoes
  2 acid dragons
  2 water moccasins
  Duvessa (D:5)
  8 orc warriors
  3 sky beasts
  A black bear (D:5)
  A necrophage (D:6)
  An ice beast (D:7)
  6 centaurs
  A kobold brigand (D:8)
  5 scorpions
  2 wyvern zombies
  Dowan (D:5)
  9 killer bees
  7 wights
  2 howler monkeys
  2 centaur zombies
  3 jellies
  11 orc priests
  2 centaur skeletons
  2 hounds (D:6)
  2 bullfrog skeletons
  5 iguanas
  12 orc wizards
  3 howler monkey zombies
  Robin (D:2)
  A howler monkey skeleton (D:6)
  4 gnolls
  9 adders
  3 shadow imps (D:6)
  2 white imps
  An adder skeleton (D:4)
  3 worms
  The ghost of Lanoc the Sneak, a weakling DsDe (D:5)
  A dart slug (D:2)
  36 orcs
  7 endoplasms
  6 giant cockroaches
  15 goblins
  8 hobgoblins
  4 jackals
  11 kobolds
  4 quokkas
  8 ball pythons
  5 bats
  4 frilled lizards
  8 rats
266 creatures vanquished.

Vanquished Creatures (others)
  6 withered plants (D:8)
6 creatures vanquished.

Grand Total: 272 creatures vanquished

Notes
Turn   | Place    | Note
-------+----------+-------------------------------------------
     0 | D:1      | Lanoc the Minotaur Fighter began the quest for the Orb.
     0 | D:1      | Reached XP level 1. HP: 19/19 MP: 0/0
    89 | D:1      | Reached XP level 2. HP: 27/27 MP: 1/1
   446 | D:1      | Reached skill level 1 in Dodging
   824 | D:2      | Identified the +0 helmet "Cusur" {+Inv rF+ rC+ Dex+4}
   824 | D:2      | Noticed Robin
   831 | D:2      | Reached XP level 3. HP: 26/33 MP: 2/2
  1117 | D:2      | Killed Robin
  1273 | D:2      | Reached XP level 4. HP: 35/40 MP: 3/3
  1456 | D:2      | Found a stormy altar of Qazlal.
  1820 | D:3      | Reached XP level 5. HP: 34/46 MP: 4/4
  2132 | D:3      | Found Mateg's Jewellery Shop.
  2547 | D:4      | Found an ornate altar of the Wu Jian Council.
  2574 | D:4      | Became a worshipper of the Wu Jian Council
  2681 | D:4      | Found a large runed translucent door.
  2683 | D:4      | Found a large runed translucent door.
  2788 | D:4      | Noticed TheNamelessOne's ghost (amateur OpSu)
  2812 | D:4      | Reached skill level 5 in Long Blades
  3058 | D:4      | Reached XP level 6. HP: 47/53 MP: 5/5
  3234 | D:4      | Reached skill level 5 in Armour
  3411 | D:5      | Entered Level 5 of the Dungeon
  3426 | D:5      | Noticed Pikel
  3440 | D:4      | Reached skill level 5 in Fighting
  3653 | D:5      | Found a runed translucent gate.
  3654 | D:5      | Found a runed translucent gate.
  3654 | D:5      | Noticed Lanoc's ghost (weakling DsDe)
  3655 | D:5      | Found a runed translucent gate.
  3682 | D:5      | Noticed Prince Ribbit
  3691 | D:5      | Killed Prince Ribbit
  3692 | D:5      | Reached XP level 7. HP: 50/61 MP: 6/6
  3715 | D:5      | Killed Pikel
  3944 | D:5      | Noticed Eustachio
  3954 | D:5      | Reached XP level 8. HP: 61/70 MP: 7/7
  4019 | D:5      | Killed Eustachio
  4453 | D:5      | Killed Lanoc's ghost
  4535 | D:6      | Noticed Duvessa
  4535 | D:6      | Noticed Dowan
  4615 | D:5      | HP: 2/71 [Duvessa/+0 short sword (7)]
  4623 | D:5      | Killed Duvessa
  4627 | D:5      | Killed Dowan
  4627 | D:5      | Reached * piety under Wu Jian
  4952 | D:6      | Reached skill level 5 in Dodging
  5464 | D:6      | Reached XP level 9. HP: 54/79 MP: 8/8
  6058 | D:6      | Reached skill level 10 in Long Blades
  6837 | D:7      | Found a staircase to the Ecumenical Temple.
  6886 | Temple   | Entered the Ecumenical Temple
  7249 | D:7      | Found a blossoming altar of Fedhas.
  7712 | D:7      | Found a shimmering altar of Xom.
  8120 | D:8      | Found a runed translucent gate.
  8120 | D:8      | Found a runed translucent gate.
  8120 | D:8      | Found a runed translucent gate.
  8374 | D:8      | Noticed Lanoc's ghost (novice HOFE)
  8374 | D:8      | Noticed TheNamelessOne's ghost (novice OpSu)
  8448 | D:8      | Reached XP level 10. HP: 56/81 MP: 9/9
  8689 | D:8      | Found the +8 Wrath of Trog {antimagic, *Rage}
  8717 | D:8      | Reached ** piety under Wu Jian
  8771 | D:8      | Found a large runed translucent door.
  8772 | D:8      | Found a large runed translucent door.
  9651 | D:9      | Found a hazy altar of Hepliaklqana.
 10666 | D:9      | Found a burning altar of Makhleb.
 10949 | D:10     | Entered Level 10 of the Dungeon
 10949 | D:10     | Found a staircase to the Orcish Mines.
 11026 | D:10     | Reached *** piety under Wu Jian
 11181 | D:10     | Identified the +7 short sword of Destiny {antimagic, rPois
                  | MP-9 Str+3}
 11204 | D:10     | Found a staircase to the Lair.
 11403 | D:10     | Reached skill level 10 in Armour
 11554 | D:10     | Noticed a centaur warrior
 11560 | D:10     | Reached skill level 10 in Fighting
 11561 | D:10     | Killed a centaur warrior
 11899 | D:10     | Reached XP level 11. HP: 101/101 MP: 3/10
 12099 | D:11     | Found a radiant altar of Vehumet.
 13236 | D:12     | Noticed a death knight
 13236 | D:12     | Noticed a skeletal warrior
 13236 | D:12     | Noticed a phantasmal warrior
 13271 | D:11     | Killed a phantasmal warrior
 13564 | D:12     | Found a runed translucent gate.
 14215 | D:12     | Found a runed translucent gate.
 14216 | D:12     | Found a runed translucent gate.
 14222 | D:12     | Noticed Emanloe's ghost (journeyman GrBe)
 14666 | D:13     | Noticed Maurice
 14667 | D:13     | Paralysed by Maurice for 4 turns
 14669 | D:13     | Noticed a skeletal warrior
 14677 | D:13     | Killed Maurice
 14679 | D:13     | Reached skill level 10 in Dodging
 14684 | D:13     | Killed a skeletal warrior
 14690 | D:13     | Noticed a centaur warrior
 14696 | D:13     | Noticed a boulder beetle
 14895 | D:13     | Identified the +3 great mace of the Gloaming {vorpal,
                  | Will++ Str+5 Dex-5}
 14896 | D:13     | Noticed an eight-headed hydra
 14896 | D:13     | Noticed Josephine
 14897 | D:13     | Noticed a deep elf pyromancer
 14900 | D:13     | Noticed an ettin
 14904 | D:13     | Noticed a deep troll earth mage
 14904 | D:13     | Noticed a frost giant
 14905 | D:13     | Noticed a boulder beetle
 14909 | D:13     | HP: 2/102 [frost giant/+0 battleaxe of freezing (11)]
 14909 | D:13     | Demolished by a deep troll earth mage

Illustrated notes

Levels and vault maps discovered:
D:1:      lightli_arrival_maybe_door_vault, layout_basic
D:2:      minmay_general_purpose_star, layout_rooms, basic_altar, uniq_robin
D:3:      layout_rooms, serial_shops, shop
D:4:      layout_cave_pods, old_standard_altar, ebering_ghost_disaster_area,
          minmay_cupped
D:5:      layout_rooms, gammafunk_ghost_split, roderic_malta_cross,
          uniq_prince_ribbit1, uniq_eustachio, uniq_pikel
D:6:      minmay_bubble_buster, layout_basic, chequers_serial_rivers_micro_b,
          uniq_duvessa
D:7:      layout_gridville, pf_just_have_faith, fedhas_bush_and_centaur_altar,
          minmay_temple_entry_butterflies
D:8:      layout_basic, jmf_multi_god_temple2, gammafunk_ghost_cemetery
D:9:      layout_irregular_city, overflow_temple_1_default, lemuel_crystal_altar
D:10:     layout_cave_pods, dpeg_oklobed_lair, kennysheep_generic_room_7
D:11:     nicolae_whirlpool, layout_grid_maze, vehumet_crystals
D:12:     layout_irregular_city, gammafunk_ghost_necromancy
D:13:     minmay_strange_plus, layout_rooms, evilmike_butchery, uniq_maurice,
          uniq_josephine
Temple:   eino_wide_crystal_templ

Skill      XL: |  1  2  3  4  5  6  7  8  9 10 11 |
---------------+----------------------------------+-----
Dodging        | 1 2 3 4 5 6 9 10 | 10.1
Long Blades    | 3 4 5 6 7 9 11 | 11.1
Armour         | 4 5 6 7 8 10 11 | 11.6
Fighting       | 4 5 6 7 8 10 11 | 11.5
Shields        | 4 |  4.0

Action                   |  1- 3 |  4- 6 |  7- 9 | 10-12 || total
-------------------------+-------+-------+-------+-------++-------
Melee: Long sword        |    91 |   117 |   334 |     6 ||   548
       Headbutt          |    11 |    21 |    82 |    37 ||   151
       Battleaxe         |       |       |       |   188 ||   188
Throw: Throwing net      |       |       |     3 |       ||     3
Invok: Lunge             |       |     4 |    18 |     9 ||    31
       Whirlwind         |       |       |     8 |     8 ||    16
Evoke: Wand              |       |       |     2 |       ||     2
  Use: Potion            |       |       |     8 |     2 ||    10
       Scroll            |       |       |    10 |     5 ||    15
 Stab: Held in net/web   |       |       |     1 |       ||     1
Armor: Scale mail        |    42 |    45 |    39 |       ||   126
       Plate armour      |       |       |    78 |       ||    78
       Chain mail        |       |       |    35 |   154 ||   189
       Skin              |       |       |     9 |       ||     9
Dodge: Dodged            |    42 |    38 |   100 |   195 ||   375
Block: Kite shield       |    69 |    55 |   169 |     1 ||   294
       Rpst.: Long sword |    13 |    12 |    35 |       ||    60

Table legend: (Time is in decaauts)
 A = Elapsed time spent in this place.
 B = Non-inter-level travel time spent in this place.
 C = Inter-level travel time spent in this place.
 D = Time resting spent in this place.
 E = Time spent auto-exploring this place.
 F = Levels seen in this place.
 G = Mean time per level.
                   A        B        C        D        E       F      G
               +--------+--------+--------+--------+--------+-----+--------+
         Total |  15502 |  15043 |    459 |   1576 |  11286 |  14 | 1107.3 |
       Dungeon |  15500 |  15041 |    459 |   1576 |  11286 |  13 | 1192.3 |
        Temple |      1 |      1 |      0 |      0 |      0 |   1 |    1.0 |
               +--------+--------+--------+--------+--------+-----+--------+

Top non-repeatable levels by time:
     D:6: 1854 daAuts
    D:11: 1584 daAuts
     D:8: 1519 daAuts
     D:9: 1482 daAuts
     D:7: 1422 daAuts
     D:5: 1398 daAuts
    D:10: 1213 daAuts
     D:1: 1074 daAuts
     D:4: 1065 daAuts
    D:12: 978 daAuts
     D:3: 765 daAuts
     D:2: 672 daAuts
    D:13: 470 daAuts
  Temple: 1 daAuts
